 Dungeon Sprint DCSS version 0.24.0-2-g5b39cebb1c (webtiles) character file.

Game seed: 7021336603404381511, levelgen mode: deterministic

17358 Descartes the Brawler (level 12, -11/137 HPs)
             Began as a Troll Monk on Oct 31, 2019.
             Was the Champion of Jiyva.
             Mangled by an ettin
             ... wielding a +0 dire flail
              (17 damage)
             ... in the Dungeon (Sprint IX: "|||||||||||||||||||||||||||||").
             The game lasted 00:14:26 (1590 turns).

Descartes the Brawler (Troll Monk)                  Turns: 1590, Time: 00:14:26

Health: -11/137    AC: 11    Str: 24    XL:     12   Next: 18%
Magic:  18/18      EV: 24    Int: 10    God:    Jiyva [******]
Gold:   1585       SH:  0    Dex: 16    Spells: 11/11 levels left

rFire    + . .     SeeInvis +     - Unarmed
rCold    . . .     Gourm    +   (no shield)
rNeg     + . .     Faith    .   a - +0 robe
rPois    .         Spirit   .   (helmet unavailable)
rElec    .         Reflect  .   z - +0 cloak
rCorr    +         Harm     .   (gloves unavailable)
MR       +....     NoTele   +   (boots unavailable)
Stlth    ++........             (no amulet)
HPRegen  0.72/turn              v - +2 ring of evasion
MPRegen  0.16/turn              e - ring "Homnumm" {rN+ MR+ Str+4}

@: no status effects
A: large, unfitting armour, claws 3, fangs 1, horns 3, thin metallic scales 1,
see invisible, clever 1, fire resistance 1, fast metabolism 3, gourmand,
regeneration 1, shaggy fur 1, tough skin 3, acidic bite, gelatinous body 2,
translucent skin 1, MP-powered wands
a: Request Jelly, Slimify, Cure Bad Mutation, Renounce Religion


You were in the Dungeon.
You worshipped Jiyva.
Jiyva was exalted by your worship.
You were completely stuffed.

You visited 1 branch You collected 1900 gold pieces.
You spent 315 gold pieces at shops.

Inventory:

Hand Weapons
 s - a +2 morningstar of holy wrath
Missiles
 j - 28 arrows
 A - 5 boomerangs (quivered)
Armour
 a - a +0 robe (worn)
 z - a +0 cloak (worn)
Magical Staves
 o - an uncursed staff of energy
Jewellery
 e - the ring "Homnumm" (right claw) {rN+ MR+ Str+4}
   (You bought it in a shop in the Dungeon)

   [ring of positive energy]

   It affects your strength (+4).
   It protects you from negative energy.
   It affects your resistance to hostile enchantments.
 v - a +2 ring of evasion (left claw)
 w - a +2 ring of evasion
 D - an uncursed ring of protection from fire
Wands
 n - a wand of iceblast (10)
Scrolls
 h - 3 scrolls of blinking
 l - 3 scrolls of remove curse
 m - 2 scrolls of amnesia
 r - 3 scrolls of magic mapping
 u - 2 scrolls of identify
 x - 2 scrolls of enchant armour
 y - a scroll of fear
Potions
 c - 8 potions of curing
 d - 4 potions of heal wounds
 f - 4 potions of magic
 g - a potion of berserk rage
 k - a potion of invisibility
 p - a potion of agility
Comestibles
 b - 12 rations


   Skills:
 + Level 13.8 Fighting
 + Level 3.8 Armour
 + Level 13.9 Dodging
 - Level 1.3 Stealth
 + Level 16.1 Unarmed Combat
 - Level 10.0 Evocations


You had 11 spell levels left.
You didn't know any spells.
Your spell library was empty.

Dungeon Overview and Level Annotations

Branches:
Dungeon (1/1)

Altars:
Cheibriados
Dithmenos
Elyvilon
Fedhas
Gozag
Hepliaklqana
Kikubaaqudgha
Makhleb
Nemelex Xobeh
Okawaru
Qazlal
Ru
Sif Muna
Trog
Uskayaw
Vehumet
Wu Jian
Xom
Yredelemnul
Zin
The Shining One
Beogh
Jiyva
Lugonu

Shops:
D [*(*


Innate Abilities, Weirdness & Mutations

You are too large for most types of armour.
You have claws for hands.
Your metabolism is lightning-fast.
You like to eat raw meat.
Your natural rate of healing is unusually fast.
You are covered in fur. (AC +1)
You have extremely tough skin. (AC +3)
You have very sharp teeth.
You have a pair of large horns on your head.
You are partially covered in thin metallic scales. (AC +2)
You have supernaturally acute eyesight. (SInv)
Your mind is acute. (Int +2)
Your flesh is heat resistant. (rF+)
You have acidic saliva.
Your pliable body absorbs attacks. (AC +2, EV +2)
Your translucent skin slightly reduces your foes' accuracy. (Stealth)
You expend magic power (3 MP) to strengthen your wands.


Message History

The troll is almost dead.
A fire giant comes into view.
It is wielding a +0 great sword of flaming.
The troll misses you. x2; The troll completely misses you.
You hear a distant slurping noise.
Jiyva appreciates your sacrifice.
You feel a little less hungry.
You feel better. Jiyva alters your body.
You feel weaker. Jiyva appreciates your sacrifice.
You feel a little less hungry.
You feel better.
The fire giant shouts!
You claw the troll!
You kill the troll!
The troll leather armour is intact enough to wear.
You scratch the ettin. You headbutt the ettin!
The ettin is moderately wounded.
The ettin hits you with a +0 dire flail!!
* * * LOW HITPOINT WARNING * * *
The ettin hits you with a +0 dire flail!
You die...

▓.▓)▓.▓.▓.▓.▓
,▓.▓.▓∩▓.▓.▓.▓.▓
▓C▓"▓.▓.▓.▓.▓J▓
▓.▓.▓∩▓.▓.▓.▓.▓
▓Z▓.▓)▓.▓.▓.▓.▓
▓c▓.▓∩▓.▓.▓.▓.▓
▓T▓.▓)▓.▓.▓.▓.▓
▓C▓.▓∩▓.▓.▓.▓.▓
,▓@▓.▓)▓.▓.▓.▓.▓
*
▓)▓.▓.▓.▓.▓.▓.▓
▓)▓.▓)▓.▓.▓.▓.▓
▓'▓.▓)▓.▓.▓.▓.▓
▓.▓.▓)▓.▓'▓.▓'▓
▓.▓.▓'▓.▓÷▓.▓_▓
▓.▓.▓.▓.▓÷▓.▓_▓
▓.▓.▓.▓.▓÷▓.▓_▓
▓.▓.▓.▓.▓.▓.▓_▓


You could see a fire giant, an ettin, a deep troll earth mage, a yaktaur and a
bat skeleton.

Vanquished Creatures
  Josephine (D)
  A centaur warrior (D)
  7 orc high priests (D)
  A wizard (D)
  3 orc knights (D)
  An orc sorcerer (D)
  A manticore (D)
  A black mamba (D)
  2 ugly things (D)
  8 elephants (D)
  3 spiny frogs (D)
  An efreet (D)
  2 komodo dragons (D)
  A troll (D)
  A blink frog (D)
  A hippogriff (D)
  4 wraiths (D)
  2 wyverns (D)
  Grum (D)
  A vampire mosquito (D)
  4 porcupines (D)
  A water moccasin (D)
  5 orc warriors (D)
  4 wolves (D)
  A centaur (D)
  2 crocodiles (D)
  3 bullfrogs (D)
  2 scorpions (D)
  A killer bee (D)
  8 orc priests (D)
  5 orc wizards (D)
  2 adders (D)
  2 shadow imps (D)
  An adder zombie (D)
  A leopard gecko (D)
  5 orcs (D)
  3 bats (D)
  A bat zombie (D)
  A goblin (D)
  A hobgoblin (D)
  A giant cockroach zombie (D)
  A leopard gecko zombie (D)
98 creatures vanquished.

Vanquished Creatures (collateral kills)
  4 orc warriors (D)
4 creatures vanquished.

Vanquished Creatures (others)
  An ironheart preserver (D)
  An ettin (D)
  An ogre mage (D)
  2 great orbs of eyes (D)
  A centaur warrior (D)
  2 glowing orange brains (D)
  An orc knight (D)
  2 vault sentinels (D)
  4 slime creatures (D)
  A hog (shapeshifter) (D)
  An acid dragon (D)
  12 jellies (D)
  A jelly (shapeshifter) (D)
  An orc priest (D)
31 creatures vanquished.

Grand Total: 133 creatures vanquished

Notes
Turn   | Place    | Note
-------+----------+-------------------------------------------
     0 | D        | Descartes the Troll Monk began the quest for the Orb.
     0 | D        | Reached XP level 1. HP: 22/22 MP: 0/0
    33 | D        | Noticed a scorpion
    33 | D        | Noticed a centaur
    36 | D        | Reached XP level 2. HP: 26/31 MP: 1/1
    40 | D        | Killed a centaur
    40 | D        | Reached skill level 5 in Unarmed Combat
    40 | D        | Reached XP level 3. HP: 19/40 MP: 2/2
    40 | D        | Reached XP level 4. HP: 24/49 MP: 3/3
    51 | D        | Reached skill level 5 in Fighting
    51 | D        | Reached skill level 5 in Dodging
    51 | D        | Reached skill level 6 in Unarmed Combat
   117 | D        | Found a roughly hewn altar of Beogh.
   117 | D        | Found a snail-covered altar of Cheibriados.
   117 | D        | Found a shadowy altar of Dithmenos.
   117 | D        | Found a white marble altar of Elyvilon.
   117 | D        | Found a blossoming altar of Fedhas.
   117 | D        | Found an opulent altar of Gozag.
   118 | D        | Found a hazy altar of Hepliaklqana.
   119 | D        | Found a viscous altar of Jiyva.
   120 | D        | Found an ancient bone altar of Kikubaaqudgha.
   121 | D        | Found a corrupted altar of Lugonu.
   122 | D        | Found a burning altar of Makhleb.
   123 | D        | Found a sparkling altar of Nemelex Xobeh.
   124 | D        | Found an iron altar of Okawaru.
   125 | D        | Found a stormy altar of Qazlal.
   126 | D        | Found a sacrificial altar of Ru.
   127 | D        | Became a worshipper of Jiyva Jaqos the Shapeless
   127 | D        | Reached * piety under Jiyva
   127 | D        | Reached ** piety under Jiyva
   129 | D        | Killed a slime creature
   132 | D        | Killed a great orb of eyes
   132 | D        | Killed a slime creature
   132 | D        | Killed a centaur warrior
   132 | D        | Killed an ironheart preserver
   132 | D        | Killed a slime creature
   133 | D        | Killed a slime creature
   135 | D        | Reached *** piety under Jiyva
   136 | D        | Killed an orc knight
   136 | D        | Killed a vault sentinel
   138 | D        | Killed an ogre mage
   142 | D        | Killed a vault sentinel
   142 | D        | Killed an ettin
   144 | D        | Gained mutation: You expend magic power (3 MP) to
                  | strengthen your wands. [Jiyva's grace]
   145 | D        | Killed a hog
   146 | D        | Killed a great orb of eyes
   146 | D        | Killed an acid dragon
   148 | D        | Killed a glowing orange brain
   163 | D        | Reached **** piety under Jiyva
   163 | D        | Gained mutation: You are somewhat resistant to further
                  | mutation. [Jiyva's grace]
   166 | D        | Gained mutation: You possess an exceptional clarity of
                  | mind. [Jiyva's grace]
   166 | D        | Reached ***** piety under Jiyva
   173 | D        | Gained mutation: You are covered in slimy tendrils that may
                  | disarm your opponents. [Jiyva's grace]
   176 | D        | Lost mutation: You are covered in slimy tendrils that may
                  | disarm your opponents. [Jiyva's grace]
   176 | D        | Reached ****** piety under Jiyva
   194 | D        | Found a shimmering blue altar of Sif Muna.
   195 | D        | Found a bloodstained altar of Trog.
   196 | D        | Found a hide-covered altar of Uskayaw.
   197 | D        | Found a radiant altar of Vehumet.
   198 | D        | Found an ornate altar of the Wu Jian Council.
   199 | D        | Found a shimmering altar of Xom.
   200 | D        | Found a basalt altar of Yredelemnul.
   201 | D        | Found a glowing silver altar of Zin.
   202 | D        | Found a glowing golden altar of the Shining One.
   230 | D        | Noticed a bullfrog
   240 | D        | Reached XP level 5. HP: 27/58 MP: 4/4
   242 | D        | Reached skill level 7 in Unarmed Combat
   249 | D        | Reached skill level 8 in Unarmed Combat
   249 | D        | Reached XP level 6. HP: 33/68 MP: 5/5
   283 | D        | Gained mutation: You are covered in slimy tendrils that may
                  | disarm your opponents. [Jiyva's grace]
   287 | D        | Gained mutation: You are partially covered in molten
                  | scales. (AC +2) [Jiyva's grace]
   346 | D        | Gained mutation: You have a pair of small horns on your
                  | head. [Jiyva's grace]
   347 | D        | Noticed a wyvern
   347 | D        | Noticed a manticore
   355 | D        | Killed a manticore
   355 | D        | Reached skill level 9 in Unarmed Combat
   355 | D        | Reached XP level 7. HP: 45/80 MP: 6/6
   361 | D        | Reached skill level 10 in Unarmed Combat
   366 | D        | Killed a wyvern
   437 | D        | Gained mutation: Your mind is acute. (Int +2) [Jiyva's
                  | grace]
   437 | D        | Gained mutation: You are partially covered in slimy green
                  | scales. (AC +2) [Jiyva's grace]
   437 | D        | Lost mutation: You have a pair of small horns on your head.
                  | [Jiyva's grace]
   438 | D        | Lost mutation: You possess an exceptional clarity of mind.
                  | [Jiyva's grace]
   438 | D        | Gained mutation: You are resistant to electric shocks.
                  | (rElec) [Jiyva's grace]
   455 | D        | Lost mutation: You expend magic power (3 MP) to strengthen
                  | your wands. [Jiyva's grace]
   456 | D        | Gained mutation: You have a small jelly attached to you
                  | that senses nearby items. [Jiyva's grace]
   465 | D        | Lost mutation: You are covered in slimy tendrils that may
                  | disarm your opponents. [Jiyva's grace]
   475 | D        | Gained mutation: Your skin changes colour to match your
                  | surroundings (Stealth+). [Jiyva's grace]
   476 | D        | Gained mutation: Armour fits poorly on your pseudopods.
                  | [Jiyva's grace]
   478 | D        | Gained mutation: You are covered in slimy tendrils that may
                  | disarm your opponents. [Jiyva's grace]
   481 | D        | Lost mutation: Your mind is acute. (Int +2) [Jiyva's grace]
   486 | D        | Gained mutation: Armour fits poorly on your large
                  | pseudopods. [Jiyva's grace]
   490 | D        | Gained mutation: You can translocate small distances at
                  | will. [Jiyva's grace]
   494 | D        | Gained mutation: You possess an exceptional clarity of
                  | mind. [Jiyva's grace]
   545 | D        | Noticed a komodo dragon
   545 | D        | Noticed a spiny frog
   545 | D        | Noticed a hippogriff
   549 | D        | Killed a hippogriff
   549 | D        | Reached XP level 8. HP: 81/92 MP: 7/7
   550 | D        | Gained mutation: You have acidic saliva. [Jiyva's grace]
   551 | D        | Noticed a spiny frog
   551 | D        | Lost mutation: You possess an exceptional clarity of mind.
                  | [Jiyva's grace]
   551 | D        | Gained mutation: You are robust. (+10% HP) [Jiyva's grace]
   553 | D        | Lost mutation: You have a small jelly attached to you that
                  | senses nearby items. [Jiyva's grace]
   554 | D        | Lost mutation: You are somewhat resistant to further
                  | mutation. [Jiyva's grace]
   554 | D        | Gained mutation: You evolve. [Jiyva's grace]
   555 | D        | Reached skill level 1 in Evocations
   558 | D        | Lost mutation: You are resistant to electric shocks.
                  | (rElec) [Jiyva's grace]
   559 | D        | Killed a spiny frog
   559 | D        | Reached skill level 11 in Unarmed Combat
   563 | D        | Gained mutation: Your body has grown golden eyes which may
                  | confuse attackers. (Acc +3) [Jiyva's grace]
   563 | D        | Gained mutation: You have sharp toenails. [Jiyva's grace]
   564 | D        | Gained mutation: You possess an exceptional clarity of
                  | mind. [Jiyva's grace]
   565 | D        | Lost mutation: You possess an exceptional clarity of mind.
                  | [Jiyva's grace]
   567 | D        | Gained mutation: You expend magic power (3 MP) to
                  | strengthen your wands. [Jiyva's grace]
   568 | D        | Gained mutation: Your muscles are strong. (Str +2) [Jiyva's
                  | grace]
   570 | D        | Killed a komodo dragon
   577 | D        | Killed a spiny frog
   577 | D        | Reached skill level 10 in Fighting
   577 | D        | Reached skill level 10 in Dodging
   577 | D        | Reached XP level 9. HP: 69/111 MP: 9/11
   580 | D        | Reached skill level 12 in Unarmed Combat
   666 | D        | Noticed a spiny frog
   667 | D        | Noticed a komodo dragon
   675 | D        | Noticed a black mamba
   679 | D        | Killed a spiny frog
   679 | D        | Reached skill level 5 in Evocations
   682 | D        | Killed a komodo dragon
   690 | D        | Killed a black mamba
   690 | D        | Reached XP level 10. HP: 78/124 MP: 11/13
   762 | D        | Noticed an elephant
   762 | D        | Noticed an elephant
   762 | D        | Noticed an elephant
   762 | D        | Noticed an elephant
   762 | D        | Noticed an elephant
   762 | D        | Noticed an elephant
   763 | D        | Noticed an elephant
   769 | D        | Killed an elephant
   769 | D        | Reached skill level 13 in Unarmed Combat
   774 | D        | Killed an elephant
   778 | D        | Killed an elephant
   778 | D        | Noticed an elephant
   783 | D        | Killed an elephant
   787 | D        | Killed an elephant
   794 | D        | Killed an elephant
   795 | D        | Lost mutation: You expend magic power (3 MP) to strengthen
                  | your wands. [Jiyva's grace]
   796 | D        | Lost mutation: You can translocate small distances at will.
                  | [Jiyva's grace]
   800 | D        | Killed an elephant
   804 | D        | Killed an elephant
   806 | D        | Lost mutation: You evolve. [Jiyva's grace]
   807 | D        | Lost mutation: You have sharp toenails. [Jiyva's grace]
   809 | D        | Gained mutation: You have a small jelly attached to you
                  | that may absorb incoming projectiles. [Jiyva's grace]
   815 | D        | Gained mutation: You are very robust. (+20% HP) [Jiyva's
                  | grace]
   818 | D        | Lost mutation: You are covered in slimy tendrils that may
                  | disarm your opponents. [Jiyva's grace]
   824 | D        | Lost mutation: Your muscles are strong. (Str +2) [Jiyva's
                  | grace]
   827 | D        | Lost mutation: You are very robust. (+20% HP) [Jiyva's
                  | grace]
   831 | D        | Gained mutation: You have a small jelly attached to you
                  | that senses nearby items. [Jiyva's grace]
   831 | D        | Gained mutation: Your rubbery body absorbs attacks. (AC +1,
                  | EV +1) [Jiyva's grace]
   832 | D        | Gained mutation: You are resistant to electric shocks.
                  | (rElec) [Jiyva's grace]
   832 | D        | Lost mutation: You are robust. (+10% HP) [Jiyva's grace]
   832 | D        | Gained mutation: Your flesh is heat resistant. (rF+)
                  | [Jiyva's grace]
   832 | D        | Gained mutation: You possess an exceptional clarity of
                  | mind. [Jiyva's grace]
   833 | D        | Lost mutation: You have a small jelly attached to you that
                  | may absorb incoming projectiles. [Jiyva's grace]
   833 | D        | Lost mutation: You possess an exceptional clarity of mind.
                  | [Jiyva's grace]
   835 | D        | Gained mutation: You are covered in slimy tendrils that may
                  | disarm your opponents. [Jiyva's grace]
   836 | D        | Lost mutation: You have a small jelly attached to you that
                  | senses nearby items. [Jiyva's grace]
   836 | D        | Gained mutation: You have very sharp teeth. [Jiyva's grace]
   842 | D        | Gained mutation: You have a small jelly attached to you
                  | that may absorb incoming projectiles. [Jiyva's grace]
   843 | D        | Gained mutation: You have large cloven feet. [Jiyva's
                  | grace]
   844 | D        | Lost mutation: Armour fits poorly on your large pseudopods.
                  | [Jiyva's grace]
   844 | D        | Gained mutation: You have a small jelly attached to you
                  | that senses nearby items. [Jiyva's grace]
   852 | D        | Gained mutation: You passively map a small area around you.
                  | [Jiyva's grace]
   852 | D        | Lost mutation: Your body has grown golden eyes which may
                  | confuse attackers. (Acc +3) [Jiyva's grace]
   855 | D        | Gained mutation: Your body has grown golden eyes which may
                  | confuse attackers. (Acc +3) [Jiyva's grace]
   855 | D        | Lost mutation: Your flesh is heat resistant. (rF+) [Jiyva's
                  | grace]
   858 | D        | Gained mutation: You are partially covered in thin metallic
                  | scales. (AC +2) [Jiyva's grace]
   864 | D        | Gained mutation: Armour fits poorly on your large
                  | pseudopods. [Jiyva's grace]
   864 | D        | Lost mutation: You are covered in slimy tendrils that may
                  | disarm your opponents. [Jiyva's grace]
   864 | D        | Gained mutation: You are robust. (+10% HP) [Jiyva's grace]
   868 | D        | Gained mutation: You are very robust. (+20% HP) [Jiyva's
                  | grace]
   898 | D        | Noticed Grum
   907 | D        | Killed Grum
   907 | D        | Reached skill level 14 in Unarmed Combat
   969 | D        | Noticed an orc knight
   986 | D        | Killed an orc knight
  1033 | D        | Noticed an orc knight
  1033 | D        | Noticed an orc sorcerer
  1034 | D        | Noticed an orc knight
  1037 | D        | Paralysed by an orc sorcerer for 4 turns
  1042 | D        | Killed an orc sorcerer
  1042 | D        | Reached XP level 11. HP: 103/147 MP: 14/16
  1053 | D        | Killed an orc knight
  1060 | D        | Killed an orc knight
  1079 | D        | Lost mutation: Your skin changes colour to match your
                  | surroundings (Stealth+). [Jiyva's grace]
  1079 | D        | Gained mutation: Your translucent skin slightly reduces
                  | your foes' accuracy. (Stealth) [Jiyva's grace]
  1210 | D        | Found Toeschi's Assorted Antiques.
  1210 | D        | Noticed an orc high priest
  1210 | D        | Noticed an orc high priest
  1210 | D        | Noticed an orc high priest
  1211 | D        | Noticed an orc high priest
  1216 | D        | Found Ethrung's Weapon Shop.
  1221 | D        | Killed an orc high priest
  1226 | D        | Killed an orc high priest
  1229 | D        | Found Yprussull's Assorted Antiques.
  1229 | D        | Noticed an orc high priest
  1235 | D        | Noticed an orc high priest
  1240 | D        | Killed an orc high priest
  1240 | D        | Reached skill level 15 in Unarmed Combat
  1241 | D        | Found Waschorri's Armour Shop.
  1242 | D        | Noticed an orc high priest
  1247 | D        | Killed an orc high priest
  1255 | D        | Killed an orc high priest
  1260 | D        | Killed an orc high priest
  1275 | D        | Killed an orc high priest
  1289 | D        | Bought a smoking ivory ring for 105 gold pieces
  1289 | D        | Bought a glowing golden amulet for 105 gold pieces
  1289 | D        | Bought a ruby ring for 105 gold pieces
  1290 | D        | Identified the ring "Homnumm" {rN+ MR+ Str+4} (You bought
                  | it in a shop in the Dungeon)
  1372 | D        | Gained mutation: Your muscles are strong. (Str +2) [Jiyva's
                  | grace]
  1375 | D        | Lost mutation: Your body has grown golden eyes which may
                  | confuse attackers. (Acc +3) [Jiyva's grace]
  1378 | D        | Gained mutation: You evolve. [Jiyva's grace]
  1381 | D        | Lost mutation: You have acidic saliva. [Jiyva's grace]
  1384 | D        | Lost mutation: Armour fits poorly on your large pseudopods.
                  | [Jiyva's grace]
  1385 | D        | Lost mutation: You have a small jelly attached to you that
                  | may absorb incoming projectiles. [Jiyva's grace]
  1385 | D        | Lost mutation: You have a small jelly attached to you that
                  | senses nearby items. [Jiyva's grace]
  1389 | D        | Lost mutation: You are resistant to electric shocks.
                  | (rElec) [Jiyva's grace]
  1389 | D        | Lost mutation: Armour fits poorly on your pseudopods.
                  | [Jiyva's grace]
  1391 | D        | Gained mutation: Your muscles are very strong. (Str +4)
                  | [Jiyva's grace]
  1394 | D        | Gained mutation: Your mind is acute. (Int +2) [Jiyva's
                  | grace]
  1396 | D        | Lost mutation: You evolve. [Jiyva's grace]
  1397 | D        | Gained mutation: You have acidic saliva. [Jiyva's grace]
  1399 | D        | Lost mutation: Your rubbery body absorbs attacks. (AC +1,
                  | EV +1) [Jiyva's grace]
  1401 | D        | Lost mutation: Your mind is acute. (Int +2) [Jiyva's grace]
  1402 | D        | Lost mutation: You are very robust. (+20% HP) [Jiyva's
                  | grace]
  1405 | D        | Gained mutation: Your translucent skin reduces your foes'
                  | accuracy. (Stealth) [Jiyva's grace]
  1407 | D        | Gained mutation: Your spells are a little harder to cast,
                  | but a little more powerful. [Jiyva's grace]
  1409 | D        | Lost mutation: You passively map a small area around you.
                  | [Jiyva's grace]
  1427 | D        | Noticed Josephine
  1448 | D        | Killed Josephine
  1448 | D        | Reached skill level 1 in Armour
  1462 | D        | Lost mutation: You are partially covered in slimy green
                  | scales. (AC +2) [Jiyva's grace]
  1466 | D        | Gained mutation: You are partially covered in rugged brown
                  | scales. (AC +1, +3% HP) [Jiyva's grace]
  1466 | D        | Gained mutation: Your rubbery body absorbs attacks. (AC +1,
                  | EV +1) [Jiyva's grace]
  1466 | D        | Gained mutation: You have a pair of small horns on your
                  | head. [Jiyva's grace]
  1467 | D        | Lost mutation: You are partially covered in rugged brown
                  | scales. (AC +1, +3% HP) [Jiyva's grace]
  1468 | D        | Gained mutation: Armour fits poorly on your pseudopods.
                  | [Jiyva's grace]
  1468 | D        | Gained mutation: You have a pair of horns on your head.
                  | [Jiyva's grace]
  1468 | D        | Lost mutation: You are partially covered in molten scales.
                  | (AC +2) [Jiyva's grace]
  1471 | D        | Lost mutation: You are robust. (+10% HP) [Jiyva's grace]
  1471 | D        | Gained mutation: You have supernaturally acute eyesight.
                  | (SInv) [Jiyva's grace]
  1471 | D        | Gained mutation: Your system is resistant to poisons.
                  | (rPois) [Jiyva's grace]
  1471 | D        | Gained mutation: Your mind is acute. (Int +2) [Jiyva's
                  | grace]
  1472 | D        | Lost mutation: Your translucent skin reduces your foes'
                  | accuracy. (Stealth) [Jiyva's grace]
  1472 | D        | Lost mutation: Armour fits poorly on your pseudopods.
                  | [Jiyva's grace]
  1472 | D        | Gained mutation: You are covered in slimy tendrils that may
                  | disarm your opponents. [Jiyva's grace]
  1473 | D        | Gained mutation: You have a pair of large horns on your
                  | head. [Jiyva's grace]
  1482 | D        | Lost mutation: You have large cloven feet. [Jiyva's grace]
  1483 | D        | Lost mutation: Your system is resistant to poisons. (rPois)
                  | [Jiyva's grace]
  1486 | D        | Lost mutation: You are covered in slimy tendrils that may
                  | disarm your opponents. [Jiyva's grace]
  1488 | D        | Gained mutation: You expend magic power (3 MP) to
                  | strengthen your wands. [Jiyva's grace]
  1564 | D        | Noticed a wizard
  1564 | D        | Noticed a red ugly thing
  1564 | D        | Noticed a cyan ugly thing
  1564 | D        | Noticed a centaur warrior
  1564 | D        | Lost mutation: Your spells are a little harder to cast, but
                  | a little more powerful. [Jiyva's grace]
  1569 | D        | Killed a centaur warrior
  1569 | D        | Reached skill level 10 in Evocations
  1569 | D        | Reached XP level 12. HP: 109/136 MP: 18/18
  1573 | D        | Noticed an ettin
  1574 | D        | Lost mutation: Your muscles are very strong. (Str +4)
                  | [Jiyva's grace]
  1578 | D        | Noticed a deep troll earth mage
  1580 | D        | Reached skill level 16 in Unarmed Combat
  1580 | D        | Gained mutation: Your flesh is heat resistant. (rF+)
                  | [Jiyva's grace]
  1583 | D        | Gained mutation: Your pliable body absorbs attacks. (AC +2,
                  | EV +2) [Jiyva's grace]
  1588 | D        | Noticed a fire giant
  1588 | D        | Lost mutation: Your muscles are strong. (Str +2) [Jiyva's
                  | grace]
  1590 | D        | HP: 6/137 [ettin/+0 dire flail (32)]
  1590 | D        | Mangled by an ettin

Levels and vault maps discovered:
D:        linesprint [early_d, line_temple, items_1, d_10, items_2, lair_1,
          lair_end, items_3, orc_1, orc_end, items_4, d_15, swamp_1, shoals_1,
          snake_1, spider_1, d_20, vaults_1, items_5, swamp_end, shoals_end,
          snake_end, spider_end, vaults_end, d_27, items_6, zot_1, zot_end,
          crypt_end, forest_end, elf_end, slime_end, tomb_end, abyss_end,
          pan_hell_end]

Skill      XL: |  1  2  3  4  5  6  7  8  9 10 11 12 |
---------------+-------------------------------------+-----
Fighting       | 3 4 5 6 8 9 10 11 12 13 | 13.8
Dodging        | 3 4 5 6 8 9 10 11 12 13 | 13.9
Unarmed Combat | 5 6 8 9 10 11 12 14 15 16 | 16.1
Evocations     | 4 5 8 10 | 10.0
Armour         | 2 3 |  3.8
Stealth        | |  1.3

Action                   |  1- 3 |  4- 6 |  7- 9 | 10-12 || total
-------------------------+-------+-------+-------+-------++-------
Melee: Unarmed           |    12 |    49 |    71 |   194 ||   326
       Punch             |       |     1 |     4 |    20 ||    25
       Headbutt          |       |     1 |     1 |     5 ||     7
       Pseudopods        |       |       |    10 |    42 ||    52
       Kick              |       |       |    13 |    79 ||    92
       Bite              |       |       |     8 |    28 ||    36
       Morningstar       |       |       |       |    30 ||    30
  Use: Potion            |       |       |       |     2 ||     2
       Scroll            |       |       |       |     1 ||     1
 Stab: Sleeping          |       |     1 |       |       ||     1
       Confused          |       |       |       |     2 ||     2
  Eat: Chunk             |       |     8 |       |     5 ||    13
Armor: Robe              |     5 |    12 |     2 |    24 ||    43
Dodge: Dodged            |     6 |    33 |    49 |   147 ||   235
